 Dungeon Crawl Stone Soup version 0.17-a0-1718-g72dbe4d (webtiles) character file.

135 urechis the Skirmisher (level 4, 0/38 HPs)
             Began as a Demonspawn Abyssal Knight on Aug 24, 2015.
             Was a Believer of Lugonu.
             Killed by divine providence
             ... invoked by an orc priest
              (11 damage)
             ... on level 3 of the Dungeon.
             The game lasted 00:05:06 (2597 turns).

urechis the Skirmisher (Demonspawn Abyssal Knight)  Turns: 2597, Time: 00:05:07

Health: 0/38       AC:  5    Str: 13    XL:     4   Next: 97%
Magic:  5/5        EV: 11    Int: 14    God:    Lugonu [**....]
Gold:   209        SH:  0    Dex: 12    Spells: 0 memorised, 3 levels left

rFire  . . .     SeeInvis .     a - +1 falchion
rCold  + . .     Clarity  .     b - +0 leather armour
rNeg   . . .     SustAt   .     (no shield)
rPois  .         Gourm    .     (no helmet)
rElec  .         Spirit   .     (no cloak)
rCorr  .         Warding  .     (no gloves)
rMut   .         Stasis   .     (no boots)
MR     +....                    (no amulet)
Stlth  +.........               m - ring of flight
                                h - ring of protection from magic

@: somewhat resistant to hostile enchantments, very unstealthy
A: thin metallic scales 1, cold resistance 1
a: Depart the Abyss, Bend Space, Renounce Religion, Evoke Flight


You were on level 3 of the Dungeon.
You worshipped Lugonu.
Lugonu was pleased with you.
You were hungry.

You visited 1 branch of the dungeon, and saw 3 of its levels.
You visited the Abyss 1 time.

You collected 209 gold pieces.

Inventory:

Hand weapons
 a - a +1 falchion (weapon)
 k - a +1 dagger of holy wrath
Armour
 b - a +0 leather armour (worn)
 g - a +4 chain mail
Jewellery
 h - a ring of protection from magic (left hand)
 m - a ring of flight (right hand)
Scrolls
 d - a scroll of amnesia {unknown}
 e - a scroll of fog {unknown}
 f - a scroll of enchant weapon {unknown}
 i - a scroll of fear {unknown}
 j - a scroll of remove curse {unknown}
 n - a scroll of enchant armour {unknown}
 o - a scroll of random uselessness {unknown}
 r - a scroll of identify {unknown}
Potions
 t - a potion of curing {unknown}
Comestibles
 c - 2 bread rations
 l - a meat ration
 p - 2 slices of pizza
 q - a beef jerky
 s - 2 chunks of flesh


   Skills:
 + Level 4.6 Fighting
 + Level 3.4 Long Blades
 - Level 1.7 Armour
 - Level 0.8 Dodging
 - Level 2.4 Invocations


You had 3 spell levels left.
You didn't know any spells.

Dungeon Overview and Level Annotations

Branches:
Dungeon (3/15)

Altars:
Zin


Innate Abilities, Weirdness & Mutations

You are partially covered in thin metallic scales (AC +2).
Your flesh is cold resistant.


Message History

Something smites you!
* * * LOW HITPOINT WARNING * * *
You hit the orc priest but do no damage.
The orc priest is heavily wounded.
The orc priest closely misses you.
You closely miss the orc priest.
The orc priest is heavily wounded.
The orc priest hits you with a flail.
* * * LOW HITPOINT WARNING * * *
You barely miss the orc priest.
The orc priest is heavily wounded.
The orc priest closely misses you.
You completely miss the orc priest.
The orc priest is heavily wounded.
The orc priest miscasts a cantrip.
You barely miss the orc priest.
The orc priest is heavily wounded.
The orc priest mumbles some strange prayers to Beogh against you.
Something smites you!
You die...

.........#
#######.##
#.# #.#
#.# #.#
#.# #.#
#@# #o#
.o# ....
.....
....###
#..#.
#.##.


You could see an orc priest and an orc.

Vanquished Creatures
  A hound (D:3)
  An orc priest (D:2)
  An adder (D:2)
  A worm (D:2)
  2 giant geckos
  5 orcs (D:3)
  2 giant cockroaches
  5 goblins
  7 hobgoblins
  2 jackals (D:2)
  13 bats
  3 giant newts
  4 kobolds (D:1)
  A quokka (D:2)
  7 rats
55 creatures vanquished.

Notes
Turn   | Place    | Note
--------------------------------------------------------------
     0 | Abyss:1  | urechis the Demonspawn Abyssal Knight began the quest for the Orb.
     0 | Abyss:1  | Reached XP level 1. HP: 18/18 MP: 2/2
     9 | D:1      | Escaped the Abyss
   877 | D:1      | Gained mutation: You are partially covered in thin metallic scales (AC +2). [demonic ancestry]
   877 | D:1      | Reached XP level 2. HP: 12/24 MP: 3/3
  1707 | D:2      | Reached XP level 3. HP: 27/29 MP: 4/4
  1778 | D:2      | Acquired Lugonu's second power
  2104 | D:2      | Reached skill level 4 in Fighting
  2104 | D:2      | Gained mutation: Your flesh is cold resistant. [demonic ancestry]
  2104 | D:2      | Reached XP level 4. HP: 24/37 MP: 5/5
  2359 | D:3      | Found a glowing silver altar of Zin.
  2418 | D:3      | Acquired Lugonu's third power
  2597 | D:3      | Killed from afar by an orc priest

Vault maps used:
D:1:      evilmike_arrival_fibonacci_small, minmay_distorted
D:2:      kennysheep_generic_room_13
D:3:      lemuel_crystal_altar, hangedman_decor_points, minivault_4,
          roderic_batcave, guppyfry_early_orc_mine
Abyss:1:  evilmike_abyss_exit_1

Action                   |  1- 3 |  4- 6 || total
-------------------------+-------+-------++-------
Melee: Falchion          |   137 |    75 ||   212
 Stab: Sleeping          |     1 |       ||     1
  Eat: Chunk             |     3 |     2 ||     5
